 Dungeon Crawl Stone Soup version 0.24.0-123-gd5b16e6ec5 (webtiles) character file.

Game seed: 17997860175541660107, levelgen mode: deterministic

282 Elellon the Cleaver (level 6, -4/51 HPs)
             Began as a Hill Orc Fighter on Jan 2, 2020.
             Was an Initiate of Okawaru.
             Slain by Menkaure (19 damage)
             ... on level 4 of the Dungeon.
             The game lasted 00:05:31 (2410 turns).

Elellon the Cleaver (Hill Orc Fighter)              Turns: 2410, Time: 00:05:32

Health: -4/51      AC:  8    Str: 21    XL:     6   Next: 28%
Magic:  6/6        EV:  7    Int:  8    God:    Okawaru [......]
Gold:   227        SH:  9    Dex: 10    Spells: 5/5 levels left

rFire    . . .     SeeInvis .   a - +0 war axe
rCold    . . .     Gourm    .   c - +0 shield
rNeg     . . .     Faith    .   b - +0 scale mail
rPois    .         Spirit   .   (no helmet)
rElec    .         Reflect  .   (no cloak)
rCorr    .         Harm     .   (no gloves)
MR       .....                  k - +0 pair of boots
Stlth    ..........             (no amulet)
HPRegen  0.17/turn              (no ring)
MPRegen  0.10/turn              (no ring)

@: no status effects
A: no striking features
a: Renounce Religion


You were on level 4 of the Dungeon.
You worshipped Okawaru.
Okawaru was noncommittal.
You were not hungry.

You visited 2 branches of the dungeon, and saw 5 of its levels.

You collected 227 gold pieces.

Inventory:

Hand Weapons
 a - a +0 war axe (weapon)
Armour
 b - a +0 scale mail (worn)
 c - a +0 shield (worn)
 k - a +0 pair of boots (worn)
 w - a +0 plate armour
 x - a cursed +0 helmet
Jewellery
 e - a +2 ring of protection {unknown}
Wands
 t - a wand of digging (4)
Scrolls
 g - 4 scrolls of identify {unknown}
 h - 4 scrolls of remove curse {unknown}
 i - 2 scrolls of immolation {unknown}
 l - a scroll of teleportation {unknown}
 m - a scroll of fog {unknown}
 o - a scroll of blinking {unknown}
 p - a scroll of magic mapping {unknown}
 r - a scroll of fear {unknown}
 v - 2 scrolls of noise {unknown}
 y - a scroll of enchant weapon {unknown}
 z - a scroll of enchant armour {unknown}
Potions
 d - a potion of might
 j - a potion of haste {unknown}
 n - a potion of brilliance {unknown}
 q - 2 potions of degeneration {unknown}
 s - 2 potions of mutation {unknown}
 u - 2 potions of lignification {unknown}
 B - 2 potions of ambrosia {unknown}
Comestibles
 f - 6 rations
 A - 4 chunks of flesh


   Skills:
 - Level 3.6 Fighting
 + Level 8.3 Axes
 - Level 3.2 Armour
 + Level 0.5 Dodging
 + Level 0.1 Stealth
 - Level 3.2 Shields


You had 5 spell levels left.
You didn't know any spells.
Your spell library was empty.

Dungeon Overview and Level Annotations

Branches:
Dungeon (4/15)             Temple (1/1) D:4

Altars:
Ashenzari
Dithmenos
Elyvilon
Fedhas
Gozag
Hepliaklqana
Kikubaaqudgha
Makhleb
Nemelex Xobeh
Okawaru
Qazlal
Ru
Sif Muna
Trog
Uskayaw
Vehumet
Wu Jian
Xom
Yredelemnul
Zin
The Shining One

Annotations:
D:4 Menkaure


Message History

The orc hits you but does no damage.
You slash the orc!
You kill the orc!
Okawaru accepts your kill.
Your shield and scale mail prevent you from hitting the orc.
You closely miss something. The orc hits you but does no damage.
You hear some strange, mumbled words.
Something tries to affect you, but you resist.
You slash Menkaure!
Menkaure is heavily damaged.
You closely miss something. You slash the orc!
You kill the orc!
Okawaru accepts your kill. Menkaure hits you.
* * * LOW HITPOINT WARNING * * *
You block something's attack.
You hit Menkaure but do no damage.
Menkaure is heavily damaged.
You miss something. Menkaure hits you!!
You die...

##.....##......#.
##..)....#......#.
##........##....... ## ## ##
##.....M..# ###.##.#
##...#.#.##+##.........#####.#...
... ....#..# ..........##......
..### ..##..# #.....#......####
....###..#..# ###...##.#..#.....
)..###..##..####@Mo.## #..##....
(..#.#(..##.##..){..# #..###...
..........#†....###.# #........
...............## ... ..........
............#### ...##.....##..
............# #..# #........
........(...# .####........
.............# ###.........
................. ............


You could see Menkaure and an orc.

Vanquished Creatures
  Blork the orc (D:4)
  3 orc priests
  A gnoll (D:1)
  3 adders (D:4)
  A worm (D:4)
  3 dart slugs
  A leopard gecko (D:3)
  14 orcs
  A giant cockroach (D:1)
  4 goblins
  10 hobgoblins
  7 jackals
  4 bats
  5 frilled lizards
  4 kobolds
  5 rats
67 creatures vanquished.

Notes
Turn   | Place    | Note
-------+----------+-------------------------------------------
     0 | D:1      | Elellon the Hill Orc Fighter began the quest for the Orb.
     0 | D:1      | Reached XP level 1. HP: 19/19 MP: 1/1
    93 | D:1      | Reached skill level 3 in Axes
    93 | D:1      | Reached XP level 2. HP: 22/26 MP: 2/2
   144 | D:1      | Reached skill level 4 in Axes
   230 | D:1      | Reached XP level 3. HP: 31/31 MP: 3/3
   625 | D:2      | Reached skill level 5 in Axes
   937 | D:2      | Reached skill level 6 in Axes
   937 | D:2      | Reached XP level 4. HP: 36/39 MP: 4/4
  1434 | D:3      | Reached XP level 5. HP: 23/45 MP: 5/5
  1965 | D:4      | Reached skill level 7 in Axes
  2016 | D:4      | Found a staircase to the Ecumenical Temple.
  2028 | Temple   | Entered the Ecumenical Temple
  2123 | Temple   | Became a worshipper of Warmaster Okawaru
  2203 | D:4      | Noticed Blork the orc
  2231 | D:4      | Killed Blork the orc
  2231 | D:4      | Reached skill level 8 in Axes
  2231 | D:4      | Reached XP level 6. HP: 32/51 MP: 6/6
  2397 | D:4      | Noticed Menkaure
  2410 | D:4      | Slain by Menkaure

Levels and vault maps discovered:
D:1:      ebering_hopf_link, layout_loops_ring
D:2:      layout_loops_cross
D:3:      cheibrodos_pilgrimage, layout_basic, minmay_crystal_room
D:4:      layout_cave_pools, kennysheep_slug_shrine,
          minmay_temple_entry_slanted, dk_noncrumbling_4, uniq_blork_the_orc,
          uniq_menkaure
Temple:   grunt_wide_crystal_templ

Skill      XL: |  1  2  3  4  5 |
---------------+----------------+-----
Axes           | 3 4 6 8 |  8.3
Fighting       | |  3.6
Armour         | |  3.2
Dodging        | |  0.5
Stealth        | |  0.1
Shields        | |  3.2

Action                   |  1- 3 |  4- 6 || total
-------------------------+-------+-------++-------
Melee: War axe           |   100 |   103 ||   203
  Eat: Chunk             |       |     5 ||     5
Armor: Scale mail        |    42 |    43 ||    85
Dodge: Dodged            |    15 |    34 ||    49
Block: Shield            |    38 |    55 ||    93
